 Dungeon Crawl Stone Soup version 0.22-a0-617-g6d95e9e (webtiles) character file.

97 kae the Cudgeler (level 4, 0/39 HPs)
             Began as a Minotaur Fighter on July 12, 2018.
             Slain by a gnoll (2 damage)
             ... on level 2 of the Dungeon.
             The game lasted 00:00:35 (1017 turns).

kae the Cudgeler (Minotaur Fighter)                 Turns: 1017, Time: 00:00:36

Health: 0/39       AC:  6    Str: 26    XL:     4   Next: 42%
Magic:  3/3        EV:  7    Int:  6    God:
Gold:   66         SH:  9    Dex:  9    Spells: 3/3 levels left

rFire    . . .     SeeInvis .   a - +0 flail
rCold    . . .     Gourm    .   c - +0 shield
rNeg     . . .     Faith    .   b - +0 scale mail
rPois    .         Spirit   .   (helmet restricted)
rElec    .         Reflect  .   (no cloak)
rCorr    .         Harm     .   (no gloves)
MR       .....                  (no boots)
Stlth    ..........             (no amulet)
HPRegen  0.13/turn              (no ring)
MPRegen  0.08/turn              (no ring)

@: mighty, lethally poisoned (0 -> -1), flying
A: retaliatory headbutt, horns 2
a: no special abilities


You were on level 2 of the Dungeon.
You were not hungry.

You visited 1 branch of the dungeon, and saw 2 of its levels.

You collected 66 gold pieces.

Inventory:

Hand Weapons
 a - a +0 flail (weapon)
Armour
 b - a +0 scale mail (worn)
 c - a +0 shield (worn)
Jewellery
 l - an uncursed ring of resist corrosion {unknown}
Scrolls
 e - 4 scrolls of enchant weapon {unknown}
 g - a scroll of immolation {unknown}
 i - a scroll of remove curse {unknown}
 j - a scroll of blinking {unknown}
 m - a scroll of identify {unknown}
Comestibles
 f - 2 rations


   Skills:
 - Level 3.6 Fighting
 * Level 5.7 Maces & Flails
 - Level 3.6 Armour
 - Level 3.6 Shields


You had 3 spell levels left.
You didn't know any spells.
Your spell library was empty.

Dungeon Overview and Level Annotations

Branches:
Dungeon (2/15)

Altars:


Innate Abilities, Weirdness & Mutations

You reflexively headbutt those who attack you in melee.
You have a pair of horns on your head.


Message History

The hobgoblin hits you but does no damage.
The gnoll hits you with a club. The gnoll barely misses you.
The gnoll closely misses you.
You hit the hobgoblin.
You kill the hobgoblin!
You feel sick. You block the gnoll's attack.
The gnoll hits you but does no damage. You block the gnoll's attack.
The gnoll hits you but does no damage.
The gnoll hits you from afar with a spear.
You completely miss the goblin. The gnoll hits you.
The gnoll hits you with a club. You block the goblin's attack.
The gnoll hits you with a whip.
* * * LOW HITPOINT WARNING * * *
The gnoll barely misses you.
You thump the goblin!
You kill the goblin!
You block the gnoll's attack. The gnoll hits you with a club.
* * * LOW HITPOINT WARNING * * *
The gnoll hits you but does no damage. x2; The gnoll hits you.
You die...

#.......##
#........#
#......#.#
.......##.##
...........#
......#.#.##
......#.#..# .##
..... #.##g#.....
.. #.g@gg......
.......##g.......
...... #r.......
.... #.#......
..: #.#...... ..
#.#...... .
#.#...... .# ...


You could see 4 gnolls, a goblin and a rat.

Vanquished Creatures
  4 gnolls (D:2)
  3 adders (D:2)
  An ooze (D:2)
  3 bats
  2 giant cockroaches (D:1)
  4 goblins
  4 hobgoblins
  A quokka (D:2)
  2 frilled lizards
  4 kobolds
  2 rats (D:1)
30 creatures vanquished.

Notes
Turn   | Place    | Note
-------+----------+-------------------------------------------
     0 | D:1      | kae the Minotaur Fighter began the quest for the Orb.
     0 | D:1      | Reached XP level 1. HP: 19/19 MP: 0/0
   320 | D:1      | Reached skill level 3 in Maces & Flails
   411 | D:1      | Reached XP level 2. HP: 26/26 MP: 1/1
   838 | D:2      | Reached skill level 4 in Maces & Flails
   907 | D:2      | Reached XP level 3. HP: 31/31 MP: 2/2
   910 | D:2      | Reached skill level 5 in Maces & Flails
   918 | D:2      | Reached XP level 4. HP: 39/39 MP: 3/3
  1017 | D:2      | Slain by a gnoll

Vault maps used:
D:1:      lemuel_arrival_room, minmay_misc_feat_chi
D:2:      minmay_goblin_kobold_house

Skill      XL: |  1  2  3 |
---------------+----------+-----
Maces & Flails | 3 4 5 |  5.7
Fighting       | |  3.6
Armour         | |  3.6
Shields        | |  3.6

Action                   |  1- 3 |  4- 6 || total
-------------------------+-------+-------++-------
Melee: Flail             |    41 |    21 ||    62
       Headbutt          |     7 |     1 ||     8
  Use: Potion            |       |     3 ||     3
Armor: Scale mail        |    13 |    16 ||    29
Dodge: Dodged            |    24 |    16 ||    40
Block: Shield            |    14 |    19 ||    33

Table legend:
 A = Spawn XP
 B = Non-spawn XP
 C = Spawn XP percentage of total XP
 D = Spawn monster count
 E = Non-spawn monster count
 F = Spawn count percentage of total count
 G = Total turns spent on level
                    A         B        C        D         E        F      G
               +---------+---------+-------+---------+---------+-------+---------
         Total |       0 |     139 |   0.0 |       0 |      30 |   0.0 |  1017
               +---------+---------+-------+---------+---------+-------+---------
           D:1 |       0 |      17 |   0.0 |       0 |      11 |   0.0 |   784
           D:2 |       0 |     122 |   0.0 |       0 |      19 |   0.0 |   233
               +---------+---------+-------+---------+---------+-------+---------
